AoeStats
← DS_Lancera Esteparia

Arena

508570259Analyzed
4v4 RM · 11d ago on Sep 23, 2026· 43m 56s· 8 players
Game mode
Random Map
Map size
Large (8 player)
Population
200
Speed
Normal
Resources
Standard
Victory
Conquest
Starting age
Dark Age
Ending age
Imperial Age
RankedLock teamsTeams togetherTeam positionsShared explorationLock speedFull tech treeHidden civsTurbo modeCheats
Victory
Defeat
🇲🇽 Varangians · Mexico
1548
+10
🇵🇪 Bohemians · Peru
1527
+11
🇹🇼 Hindustanis · Taiwan
1520
+12
🇺🇸 Japanese · United States
1474
+14
🇨🇷 Britons · Costa Rica
1575
-17
🇦🇷 Huns · Argentina
1556
-16
🇨🇴 Persians · Colombia
1381
-10
🇦🇷 Bohemians · Argentina
1149
-4
qwer
8:33 Feudal Age
8:00 Loom
10:19 Fletching
10:15 Double-Bit Axe
19:14 Castle Age
18:45 Horse Collar
22:45 Bodkin Arrow
24:22 Bow Saw
24:46 Scale Mail Armor
25:30 Forging
25:57 Yasama
26:51 Pikeman
28:53 Guard Tower
30:26 Ballistics
31:25 Chain Mail Armor
34:06 Iron Casting
35:10 Wheelbarrow
37:19 Gold Mining
37:30 Heavy Plow
39:14 Squires
42:22 Imperial Age
40:28 Treadmill Crane
40:58 Masonry
41:50 Padded Archer Armor
42:33 Thumb Ring
42:50 Leather Archer Armor
42:51 Hand Cart
44:06 Chemistry
43:07 Bracer
43:39 Parthian Tactics
44:13 Gold Shaft Mining
43:28 Stone Mining
44:11 Conscription
44:19 Arson
VL Le_Manch
10:43 Feudal Age
14:42 Castle Age
13:37 Double-Bit Axe
13:40 Horse Collar
15:52 Bloodlines
17:44 Bow Saw
23:30 Wheelbarrow
24:11 Heavy Plow
24:56 Husbandry
25:43 Scale Barding Armor
25:55 Gold Mining
27:13 Chain Barding Armor
28:03 Hand Cart
29:00 Forging
29:38 Loom
29:55 Devotion
30:40 Town Watch
33:38 Imperial Age
32:47 Iron Casting
32:05 Vendel Legacy
35:05 Plate Barding Armor
34:34 Padded Archer Armor
33:57 Cavalier
36:46 Conscription
38:19 Crop Rotation
38:51 Two-Man Saw
40:00 Blast Furnace
40:15 Coinage
39:20 Elite Jarl
41:03 Banking
41:52 Chemistry
40:57 Siege Engineers
Meliod27
11:40 Feudal Age
12:36 Double-Bit Axe
12:54 Horse Collar
15:22 Castle Age
16:27 Bow Saw
17:24 Fervor
18:18 Wheelbarrow
22:30 Loom
25:47 Imperial Age
24:11 Hand Cart
25:26 Chemistry
24:18 Fletching
24:51 Heavy Plow
25:53 Town Watch
27:52 Two-Man Saw
27:24 Ballistics
27:01 Bodkin Arrow
27:43 Conscription
28:19 Bracer
27:43 Elite Skirmisher
28:25 Padded Archer Armor
30:05 Leather Archer Armor
31:58 Forging
31:48 Scale Mail Armor
31:11 Pikeman
31:51 Squires
32:33 Ring Archer Armor
32:47 Halberdier
34:09 Forging
33:59 Scale Mail Armor
34:05 Houfnice
37:04 Masonry
38:28 Chain Mail Armor
40:40 Siege Engineers
41:06 Architecture
42:01 Coinage
42:48 Wagenburg Tactics
42:39 Arson
43:25 Plate Mail Armor
43:30 Iron Casting
Sunny Day
9:55 Feudal Age
11:49 Double-Bit Axe
14:15 Castle Age
20:35 Wheelbarrow
20:19 Bow Saw
20:53 Horse Collar
22:29 Loom
27:49 Imperial Age
26:05 Bloodlines
25:55 Husbandry
26:01 Scale Barding Armor
26:07 Forging
26:24 Gold Mining
27:10 Chain Barding Armor
27:13 Hand Cart
27:57 Heavy Camel Rider
29:13 Plate Barding Armor
29:22 Heavy Plow
30:01 Imperial Camel Rider
32:14 Iron Casting
35:15 Blast Furnace
35:05 Light Cavalry
38:10 Grand Trunk Road
39:53 Stone Mining
40:38 Gold Shaft Mining
41:50 Stone Shaft Mining
42:18 Two-Man Saw
DS_Lancera Esteparia
8:30 Loom
11:02 Feudal Age
14:48 Castle Age
13:29 Horse Collar
13:35 Double-Bit Axe
15:48 Bow Saw
15:40 Heavy Plow
20:10 Loom
22:48 Wheelbarrow
26:27 Husbandry
26:38 Bloodlines
29:09 Imperial Age
26:38 Gold Mining
27:33 Scale Barding Armor
27:39 Forging
29:00 Chain Barding Armor
30:03 Iron Casting
28:49 Cavalier
31:53 Crop Rotation
32:40 Two-Man Saw
32:05 Savar
34:13 Plate Barding Armor
34:39 Blast Furnace
34:48 Fletching
38:26 Bodkin Arrow
39:07 Ballistics
39:48 Chemistry
38:56 Light Cavalry
40:29 Hussar
DS_Exe19
10:24 Feudal Age
9:48 Loom
16:38 Castle Age
18:57 Double-Bit Axe
18:57 Horse Collar
26:38 Wheelbarrow
26:31 Fletching
28:26 Bodkin Arrow
38:53 Imperial Age
36:41 Hand Cart
36:12 Town Watch
36:51 Bow Saw
DS_Erick307
11:03 Feudal Age
14:52 Castle Age
14:12 Double-Bit Axe
15:26 Horse Collar
15:57 Bow Saw
18:33 Wheelbarrow
24:33 Hand Cart
24:35 Bloodlines
25:09 Scale Barding Armor
25:14 Forging
25:10 Town Watch
25:12 Loom
27:21 Chain Barding Armor
29:11 Iron Casting
29:11 Husbandry
35:49 Imperial Age
35:53 Cavalier
37:10 Plate Barding Armor
37:36 Blast Furnace
38:03 Chemistry
36:41 Heavy Cavalry Archer
37:57 Parthian Tactics
38:18 Thumb Ring
38:30 Fletching
39:24 Cavalier
39:32 Light Cavalry
41:07 Bodkin Arrow
41:35 Ballistics
41:16 Hussar
42:32 Plate Barding Armor
41:58 Bracer
43:25 Masonry
DS_TheHeartless
11:45 Feudal Age
12:48 Double-Bit Axe
15:19 Castle Age
13:14 Horse Collar
16:27 Bow Saw
16:18 Heavy Plow
18:23 Wheelbarrow
20:50 Fletching
22:26 Town Watch
22:27 Loom
28:32 Imperial Age
26:50 Bodkin Arrow
27:15 Padded Archer Armor
27:56 Ballistics
28:57 Yeomen
29:07 Elite Longbowman
30:27 Bracer
32:28 Chemistry
31:45 Leather Archer Armor
32:48 Fortified Wall
33:39 Masonry
33:46 Hand Cart
Connection lost

Rejoining the realm…

Still unreachable

The connection could not be restored.

Session expired

The server has moved on; the page needs a fresh start.